 Dungeon Crawl Stone Soup version 0.32-a0-42-ga30500b4d3 (webtiles) character file.

Game seed: 6125399219217229582

19866 grandjackal the Fighter (level 12, -6/105 HPs)
             Began as a Demonspawn Gladiator on Jan 30, 2024.
             Was a Priest of Qazlal.
             Mangled by a skeletal warrior
             ... wielding a +0 glaive
              (21 damage)
             ... on level 13 of the Dungeon.
             The game lasted 00:17:18 (14336 turns).

grandjackal the Fighter (Demonspawn Gladiator)     Turns: 14336, Time: 00:17:19

Health: -6/105     AC: 11    Str: 20    XL:     12   Next: 40%
Magic:  20/20      EV: 12    Int: 11    God:    Qazlal [***...]
Gold:   608        SH: 13    Dex: 18    Spells: 11/11 levels left

rFire   . .          .
                       - Unarmed
rCold   + . .        (no shield)
rNeg    . . .        p - +0 scale mail
rPois   .            c - +0 helmet
rElec   .            C - +0 cloak
rCorr   .            (no gloves)
SInv    .            L - +1 pair of boots
Will    .....        t - amulet of reflection
Stlth   +            r - +6 ring of strength
HPRegen 0.37/turn    E - ring of protection from cold
MPRegen 0.17/turn

%: reflection
@: no status effects
A: spiny 2, sturdy frame 2, condensation shield, demonic touch 2
a: Renounce Religion, Upheaval, Elemental Force


You were on level 13 of the Dungeon.
You worshipped Qazlal.
Qazlal was most pleased with you.
You visited 2 branches of the dungeon, and saw 14 of its levels.
You also visited: Sewer.

You collected 921 gold pieces.
You spent 313 gold pieces at shops.

Inventory:

Missiles
 d - 4 throwing nets (quivered)
 e - a javelin
 s - 22 poisoned darts
Armour
 c - a +0 helmet (worn)
 p - a +0 scale mail (worn)
 C - a +0 cloak (worn)
 L - a +1 pair of boots (worn)
Jewellery
 g - a ring of fire
 r - a +6 ring of strength (left hand)
 t - an amulet of reflection (around neck)
 E - a ring of protection from cold (right hand)
 K - a +5 ring of evasion
Wands
 m - a wand of roots (11)
Scrolls
 a - a scroll of enchant armour {unknown}
 h - 3 scrolls of teleportation
 l - 2 scrolls of fog
 n - 2 scrolls of immolation {unknown}
 q - 2 scrolls of poison {unknown}
 w - 3 scrolls of summoning {unknown}
 x - 2 scrolls of vulnerability
 y - a scroll of blinking
 z - a scroll of amnesia {unknown}
 D - 2 scrolls of enchant weapon {unknown}
 G - a scroll of brand weapon {unknown}
 H - 3 scrolls of silence
 I - 2 scrolls of torment {unknown}
Potions
 b - 2 potions of lignification
 f - 5 potions of mutation
 i - 5 potions of haste
 j - a potion of cancellation
 k - 5 potions of curing
 o - 4 potions of enlightenment
 u - 4 potions of berserk rage
 A - a potion of heal wounds
 B - a potion of brilliance {unknown}
 F - a potion of magic
 J - a potion of resistance {unknown}


   Skills:
 + Level 13.3 Fighting
 - Level 4.0 Long Blades
 - Level 2.0 Throwing
 - Level 3.3 Armour
 - Level 3.0 Dodging
 + Level 11.1 Unarmed Combat
 + Level 11.9 Invocations


You had 11 spell levels left.
You didn't know any spells.
Your spell library contained the following spells:

 Spells                   Type           Power      Damage    Failure   Level
 Apportation              Tloc           0%         N/A       45%         1
 Necrotise                Necr           0%         1d4       45%         1
 Sting                    Conj/Alch      0%         1d3       45%         1
 Summon Small Mammal      Summ           0%         N/A       45%         1
 Jinxbite                 Hex            0%         N/A       61%         2
 Mercury Vapours          Alch/Air       0%         N/A       61%         2
 Sublimation of Blood     Necr           0%         N/A       61%         2
 Dazzling Flash           Conj/Hex       0%         N/A       83%         3
 Inner Flame              Hex/Fire       0%         N/A       83%         3
 Mephitic Cloud           Conj/Alch/Air  0%         N/A       83%         3
 Tukima's Dance           Hex            0%         N/A       83%         3
 Dimensional Bullseye     Hex/Tloc       0%         N/A       99%         4
 Iskenderun's Mystic Bla  Conj/Tloc      0%         2d3       99%         4
 Petrify                  Alch/Erth      0%         N/A       99%         4
 Curse of Agony           Necr           0%         N/A       100%        5
 Freezing Cloud           Conj/Ice/Air   0%         6-21      100%        5
 Irradiate                Conj/Alch      0%         3d11      100%        5
 Silence                  Hex/Air        0%         N/A       100%        5
 Yara's Violent Unravell  Hex/Alch       0%         3d3       100%        5
 Enfeeble                 Hex            0%         N/A       100%        7
 Ignition                 Fire           0%         3d3       100%        8


Dungeon Overview and Level Annotations

Branches:
Dungeon (13/15)            Temple (1/1) D:7            Lair (0/5) D:9
    Orc (0/2) D:11          Sewer (visited)
 Vaults: D:13-14

Altars:
Ashenzari
Cheibriados
Dithmenos
Fedhas
Gozag
Hepliaklqana
Kikubaaqudgha
Makhleb
Nemelex Xobeh
Okawaru
Qazlal
Ru
Sif Muna
Trog
Uskayaw
Vehumet
Wu Jian
Xom
Yredelemnul

Shops:
D:1 =   D:11 ?   D:12 ([


Innate Abilities, Weirdness & Mutations

You are mostly covered in sharp spines.
Your movements are less encumbered by armour. (ER -4)
A meltable shield of frost defends you. (SH +4)
Your touch may inflict irresistible damage on your foes.


Message History

You destroy the skeletal warrior!
Qazlal accepts your kill.
No target in view!
No target in view!
You see here a +0 long sword.
There is a stone staircase leading down, spattered with blood here.
You start resting.
HP restored.
You climb downwards.
There is a stone staircase leading up, spattered with blood here.
Unknown command.
The skeletal warrior hits you from afar with a +0 glaive!
The skeletal warrior hits you with a +0 glaive!!
You barely miss the skeletal warrior.
You touch the skeletal warrior!
The skeletal warrior is lightly damaged.
The skeletal warrior is struck by your spines.
The skeletal warrior barely misses you.
You hit the skeletal warrior. You punch the skeletal warrior!
The skeletal warrior is heavily damaged.
You block the skeletal warrior's attack.
You hit the skeletal warrior.
The skeletal warrior is heavily damaged.
The skeletal warrior hits you with a +0 glaive!!
You are too injured to fight recklessly!
You are too injured to fight recklessly!
You are too injured to fight recklessly!
You barely miss the skeletal warrior.
You punch the skeletal warrior, but do no damage.
The skeletal warrior is heavily damaged.
The skeletal warrior closely misses you.
You hit the skeletal warrior.
You touch the skeletal warrior!
The skeletal warrior is severely damaged.
You hit the skeletal warrior.
You touch the skeletal warrior!
The skeletal warrior is severely damaged.
The skeletal warrior hits you with a +0 glaive!!
* * * LOW HITPOINT WARNING * * *
You barely miss the skeletal warrior.
The skeletal warrior is severely damaged.
The skeletal warrior hits you with a +0 glaive!!
You die...

#.#.....###.#...#..###.##.
#.#..........# #......../.
#.#.#.#.#....# #....z..z..
#.#.#.#.#.#..###...###....
#.#.....#.#.#...#..# ###.#
#...........#####..... .#
##.....>#.#.# ##.##.# .#
##.....#.#z#.# ... .. .
#.........@..# #### # #
#............####.#
#...#####.......... ##..#
##<#......# #..#
#.######## #### #.# #.#
#.# #.#


You could see a skeletal warrior.

Vanquished Creatures
  Kirke (D:12)
  2 two-headed ogres (D:9)
  Nergalle (D:11)
  2 skeletal warriors (D:12)
  Lodul (D:11)
  An ugly thing (D:11)
  A manticore (D:12)
  2 cyclopes
  Joseph (D:7)
  A gargoyle (D:12)
  3 kobold demonologists
  An unseen horror (D:10)
  A komodo dragon (D:11)
  4 trolls
  A hornet (D:8)
  2 shadows
  A vampire (D:12)
  Sigmund (D:3)
  4 slime creatures
  19 yaks
  2 wraiths
  2 humans (D:12)
  A basilisk (D:12)
  2 steam dragons
  3 vampire mosquitoes (D:11)
  3 acid dragons
  A water moccasin (D:7)
  4 ice beasts
  3 orc warriors
  Pargi (Sewer)
  4 black bears
  2 sky beasts
  3 wolves
  7 ogres
  7 centaurs
  4 kobold brigands
  A brain worm (Sewer)
  3 bullfrogs
  2 scorpions
  22 killer bees
  7 electric eels
  6 howler monkeys
  3 hounds
  An orc priest (D:7)
  2 gnoll boudas (D:7)
  A jelly (D:7)
  Crazy Yiuf (D:4)
  3 sleepcaps
  Jessica (D:3)
  6 iguanas
  Natasha (thrice) (D:3)
  2 orc wizards (D:8)
  22 gnolls
  A river rat (D:4)
  4 adders
  A white imp (D:6)
  2 ufetubi (D:5)
  A dart slug (D:2)
  3 ribbon worms
  13 orcs
  5 endoplasms
  4 giant cockroaches
  6 goblins
  10 hobgoblins
  4 jackals (D:1)
  31 kobolds
  4 quokkas
  6 ball pythons
  9 bats
  2 frilled lizards
  9 rats
300 creatures vanquished.

Vanquished Creatures (others)
  A human (D:12)
1 creature vanquished.

Grand Total: 301 creatures vanquished

Notes
Turn   | Place    | Note
-------+----------+-------------------------------------------
     0 | D:1      | grandjackal the Demonspawn Gladiator began the quest for
                  | the Orb.
     0 | D:1      | Reached XP level 1. HP: 16/16 MP: 1/1
   223 | D:1      | Found Ehiakloev's Jewellery Boutique.
   230 | D:1      | Gained mutation: A meltable shield of frost defends you.
                  | (SH +4) [demonic ancestry]
   230 | D:1      | Reached XP level 2. HP: 22/22 MP: 2/2
   514 | D:1      | Gained mutation: You are partially covered in sharp spines.
                  | [demonic ancestry]
   514 | D:1      | Reached XP level 3. HP: 28/28 MP: 3/3
  1293 | D:2      | Reached skill level 3 in Fighting
  1625 | D:3      | Gained mutation: Your movements are slightly less
                  | encumbered by armour. (ER -2) [demonic ancestry]
  1625 | D:3      | Reached XP level 4. HP: 25/35 MP: 4/4
  1670 | D:3      | Noticed Natasha
  1677 | D:3      | Killed Natasha
  1724 | D:3      | Found a bloodstained altar of Trog.
  1725 | D:3      | Noticed Jessica
  1736 | D:3      | Killed Jessica
  1737 | D:3      | Gained mutation: Your movements are less encumbered by
                  | armour. (ER -4) [demonic ancestry]
  1737 | D:3      | Reached XP level 5. HP: 39/42 MP: 5/5
  1752 | D:3      | Noticed Natasha
  1764 | D:3      | Killed Natasha
  1886 | D:3      | Noticed Natasha
  1896 | D:3      | Killed Natasha
  1897 | D:3      | Reached skill level 4 in Fighting
  1897 | D:3      | Reached skill level 1 in Armour
  1934 | D:3      | Noticed Sigmund
  1947 | D:3      | Killed Sigmund
  1948 | D:3      | Reached XP level 6. HP: 32/49 MP: 6/6
  2386 | D:4      | Found a glowing drain.
  2440 | Sewer    | Entered a sewer
  2467 | Sewer    | Reached skill level 5 in Fighting
  2468 | Sewer    | Noticed Pargi
  2484 | Sewer    | Killed Pargi
  2485 | Sewer    | Gained mutation: Your touch may inflict minor irresistible
                  | damage on your foes. [demonic ancestry]
  2485 | Sewer    | Reached XP level 7. HP: 15/56 MP: 7/7
  2780 | D:4      | Reached skill level 1 in Unarmed Combat
  3390 | D:4      | Found a runed translucent door.
  3391 | D:4      | Noticed Crazy Yiuf
  3398 | D:4      | Killed Crazy Yiuf
  3399 | D:4      | Reached skill level 6 in Fighting
  3533 | D:5      | Entered Level 5 of the Dungeon
  3611 | D:5      | Gained mutation: You are mostly covered in sharp spines.
                  | [demonic ancestry]
  3611 | D:5      | Reached XP level 8. HP: 65/65 MP: 8/8
  3692 | D:5      | Reached skill level 7 in Fighting
  3782 | D:5      | Found the +18 Lear's hauberk
  4513 | D:6      | Reached skill level 8 in Fighting
  4513 | D:6      | Reached skill level 5 in Unarmed Combat
  4944 | D:7      | Noticed Joseph
  4963 | D:7      | Killed Joseph
  4964 | D:7      | Gained mutation: Your touch may inflict irresistible damage
                  | on your foes. [demonic ancestry]
  4964 | D:7      | Reached XP level 9. HP: 17/75 MP: 9/9
  5649 | D:7      | Reached skill level 9 in Fighting
  5719 | D:7      | Found a staircase to the Ecumenical Temple.
  5824 | D:7      | Found an ancient bone altar of Kikubaaqudgha.
  6345 | Temple   | Entered the Ecumenical Temple
  6374 | Temple   | Became a worshipper of Qazlal Stormbringer
  6603 | D:8      | Reached skill level 1 in Invocations
  7061 | D:8      | Reached skill level 10 in Fighting
  7253 | D:8      | Reached XP level 10. HP: 72/85 MP: 12/12
  7559 | D:9      | Found a staircase to the Lair.
  7769 | D:9      | Reached * piety under Qazlal
  7772 | D:9      | Reached skill level 5 in Invocations
  7855 | D:9      | HP: 2/86 [electric eel/bolt of electricity (9)]
  8226 | D:9      | Noticed a two-headed ogre
  8241 | D:9      | Killed a two-headed ogre
  8370 | D:9      | Found a shimmering blue altar of Sif Muna.
  8392 | D:9      | Reached skill level 11 in Fighting
  8748 | D:9      | Found a burning altar of Makhleb.
  8912 | D:9      | Found a hazy altar of Hepliaklqana.
  8913 | D:9      | Found a sacrificial altar of Ru.
  9076 | D:9      | Noticed a two-headed ogre
  9088 | D:9      | Killed a two-headed ogre
  9089 | D:9      | Reached XP level 11. HP: 65/93 MP: 16/16
  9287 | D:9      | Found a sparkling altar of Nemelex Xobeh.
  9296 | D:9      | Found a snail-covered altar of Cheibriados.
  9310 | D:10     | Entered Level 10 of the Dungeon
  9941 | D:10     | Reached ** piety under Qazlal
  9947 | D:10     | Identified the +4 trident of a Billion Priests {freeze,
                  | rF+}
 10590 | D:11     | Found a staircase to the Orcish Mines.
 10616 | D:11     | HP: 1/95 [acid dragon/splash of acid (12)]
 10964 | D:11     | Found Neirph's Magic Scroll Shoppe.
 10982 | D:11     | Reached skill level 12 in Fighting
 10998 | D:11     | Bought a scroll of silence for 152 gold pieces
 11036 | D:11     | Noticed a brown ugly thing
 11047 | D:11     | Killed a brown ugly thing
 11346 | D:11     | Reached skill level 10 in Unarmed Combat
 11735 | D:12     | Noticed Nergalle
 11791 | D:11     | Reached skill level 10 in Invocations
 11898 | D:12     | Reached *** piety under Qazlal
 12179 | D:11     | Killed Nergalle
 12318 | D:12     | Noticed Lodul
 12335 | D:12     | Found Efinyagg's Armour Shoppe.
 12431 | D:11     | Killed Lodul
 12866 | D:12     | Reached XP level 12. HP: 68/103 MP: 20/20
 12866 | D:12     | Noticed Kirke
 12869 | D:12     | Killed Kirke
 13023 | D:12     | Reached skill level 13 in Fighting
 13377 | D:12     | Found Leki's Antique Weapon Emporium.
 13533 | D:12     | Bought a +1 pair of boots for 161 gold pieces
 14336 | D:13     | Mangled by a skeletal warrior

Illustrated notes

Levels and vault maps discovered:
D:1:      dpeg_arrival_solitude, layout_basic, serial_shops, shop, st_stairs_1,
          minmay_pentomino_t4
D:2:      layout_basic, kennysheep_potato
D:3:      layout_basic, overflow_temple_1_default, uniq_natasha, uniq_jessica,
          uniq_sigmund
D:4:      layout_loops_ring, portal_sewer_entry_a, uniq_crazy_yiuf_cottage
D:5:      layout_rooms, corexii_leaking_fountain, amcnicky_mini_pool_small,
          dreamdust_princess_bridge
D:6:      layout_basic
D:7:      layout_basic, lemuel_tele_altar, minmay_temple_entry_grid, uniq_joseph
D:8:      layout_cave_pools, nicolae_tso_swordbearing_angel,
          kennysheep_flooded_box, serial_bayou_lake_a
D:9:      layout_roguey, lemuel_round_altar,
          gammafunk_temple_overflow_forgotten, mainiacjoe_overflow_swirl,
          erik_lair_island
D:10:     layout_gridville
D:11:     layout_basic, david_orc_2, serial_shops,
          nicolae_shop_advertising_works [nicolae_subvault_shop_adworks],
          zin_scriptorium
D:12:     layout_cross, serial_shops, nicolae_take_the_stairs,
          kennysheep_small_circle, uniq_nergalle, uniq_lodul, uniq_kirke
D:13:     layout_loops_ring, ebering_ghost_inner_flame
Temple:   nicolae_temple_ecumenical_triangle

Skill      XL: |  1  2  3  4  5  6  7  8  9 10 11 12 |
---------------+-------------------------------------+-----
Throwing       | 2 |  2.0
Long Blades    | 3 4 |  4.0
Dodging        | 3 |  3.0
Fighting       | 3 4 5 6 8 10 11 12 13 | 13.3
Armour         | 2 3 |  3.3
Unarmed Combat | 3 5 7 9 10 11 | 11.1
Invocations    | 3 7 10 11 | 11.9

Action                     |  1- 3 |  4- 6 |  7- 9 | 10-12 || total
---------------------------+-------+-------+-------+-------++-------
  Melee: Long sword        |   123 |    60 |   182 |       ||   365
         Punch             |     2 |       |     6 |    30 ||    38
         Dagger            |       |    12 |       |       ||    12
         Touch             |       |       |    71 |    89 ||   160
         Unarmed           |       |       |    93 |   363 ||   456
  Throw: Throwing net      |       |     3 |       |       ||     3
 Invoke: Upheaval          |       |       |       |     3 ||     3
  Evoke: Wand              |       |       |       |     1 ||     1
    Use: Scroll            |       |     1 |    11 |     3 ||    15
         Potion            |       |       |       |     1 ||     1
   Stab: Sleeping          |       |       |     2 |       ||     2
 Armour: Leather armour    |    55 |       |       |       ||    55
         Scale mail        |     4 |    48 |    63 |   136 ||   251
         Steam dragon scal |       |       |    81 |   113 ||   194
  Dodge: Dodged            |    89 |    37 |   138 |   184 ||   448
  Block: Other             |    18 |    23 |   103 |   171 ||   315
         Reflection        |       |       |     1 |    20 ||    21

Table legend: (Time is in decaauts)
 A = Elapsed time spent in this place.
 B = Non-inter-level travel time spent in this place.
 C = Inter-level travel time spent in this place.
 D = Time resting spent in this place.
 E = Time spent auto-exploring this place.
 F = Levels seen in this place.
 G = Mean time per level.
                   A        B        C        D        E       F      G
               +--------+--------+--------+--------+--------+-----+--------+
         Total |  14433 |  14021 |    412 |   4442 |   7253 |  15 |  962.2 |
       Dungeon |  14206 |  13802 |    404 |   4348 |   7243 |  13 | 1092.8 |
        Temple |     36 |     29 |      7 |      0 |      0 |   1 |   36.0 |
         Sewer |    190 |    190 |      0 |     94 |     10 |   1 |  190.0 |
               +--------+--------+--------+--------+--------+-----+--------+

Top non-repeatable levels by time:
    D:11: 2380 daAuts
     D:9: 1650 daAuts
     D:7: 1545 daAuts
    D:12: 1446 daAuts
     D:8: 1283 daAuts
     D:1: 1125 daAuts
    D:10: 1079 daAuts
     D:4: 983 daAuts
     D:3: 806 daAuts
     D:6: 775 daAuts
     D:5: 541 daAuts
     D:2: 501 daAuts
   Sewer: 190 daAuts
    D:13: 85 daAuts
  Temple: 36 daAuts
